 Dungeon Crawl Stone Soup version 0.25.1-2-g60ff931df9 (webtiles) character file.

Game seed: 8974749814508676590

2855 H0rd4k the Slicer (level 10, -3/109 HPs)
             Began as a Human Artificer on Sept 4, 2020.
             Was an Initiate of Gozag.
             Slain by an orc warlord
             ... wielding a +3 battleaxe of draining
              (5 damage)
             ... in a bailey.
             The game lasted 00:24:41 (12140 turns).

H0rd4k the Slicer (Human Artificer)                Turns: 12140, Time: 00:24:43

Health: -3/109     AC: 18    Str: 16    XL:     10   Next: 4%
Magic:  13/13      EV: 12    Int: 12    God:    Gozag
Gold:   907        SH:  0    Dex: 13    Spells: 9/9 levels left

rFire    . . .     SeeInvis .   a - +1 short sword
rCold    . . .     Gourm    .   (no shield)
rNeg     . . .     Faith    .   m - +4 ring mail
rPois    +         Spirit   .   t - +1 hat
rElec    .         Reflect  .   x - +2 cloak {rCorr}
rCorr    +         Harm     .   (no gloves)
MR       .....                  (no boots)
Stlth    ..........             (no amulet)
HPRegen  0.28/turn              g - ring of poison resistance
MPRegen  0.13/turn              B - +4 ring of protection

@: mighty, brilliant, berserking (expiring), hasted, heavily drained, very quick
A: no striking features
a: Potion Petition, Call Merchant, Bribe Branch, Renounce Religion


You were in a bailey.
You worshipped Gozag.
Gozag was pleased with you.
You were not hungry.

You visited 2 branches of the dungeon, and saw 8 of its levels.
You also visited: Bailey.

You collected 990 gold pieces.
You paid 83 gold pieces to Gozag.

Inventory:

Hand Weapons
 a - a +1 short sword (weapon)
Missiles
 y - 16 poisoned darts (quivered)
Armour
 m - a +4 ring mail (worn)
 t - a +1 hat (worn)
 x - a +2 cloak of preservation (worn)
Jewellery
 b - an uncursed ring of wizardry
 g - a ring of poison resistance (left hand)
 B - a +4 ring of protection (right hand)
Wands
 c - a wand of digging (4)
 h - a wand of flame (22)
Scrolls
 d - 2 scrolls of blinking {unknown}
 r - a scroll of immolation
 s - 2 scrolls of fog
 w - 2 scrolls of amnesia
 z - a scroll of enchant weapon
 F - 2 scrolls of magic mapping
 G - a scroll of remove curse
Potions
 i - 2 potions of heal wounds
 j - 7 potions of curing
 k - 2 potions of stabbing
 q - a potion of degeneration {unknown}
 u - a potion of resistance {unknown}
 v - a potion of invisibility {unknown}
 A - 2 potions of flight {unknown}
 H - a potion of ambrosia {unknown}
Comestibles
 f - a ration


   Skills:
 + Level 4.7(2.5) Fighting
 + Level 8.0(5.5) Short Blades
 + Level 6.3(3.9) Armour
 + Level 5.2(3.0) Dodging
 + Level 2.4(0.3) Stealth
 + Level 4.8(2.5) Evocations


You had 9 spell levels left.
You didn't know any spells.
Your spell library contained the following spells:

 Spells                   Type           Power        Failure   Level  Hunger
 Animate Skeleton         Necr           N/A          52%         1    None
 Apportation              Tloc           #.....       52%         1    None
 Beastly Appendage        Tmut           #.....       52%         1    None
 Corona                   Hex            #......      52%         1    None
 Summon Small Mammal      Summ           #...         52%         1    None
 Sticks to Snakes         Tmut           #.......     65%         2    None
 Spider Form              Tmut/Pois      #.........   87%         3    None
 Ice Form                 Ice/Tmut       #.......     99%         4    None
 Blade Hands              Tmut           #.........   100%        5    None


Dungeon Overview and Level Annotations

Branches:
Dungeon (7/15)             Temple (1/1) D:5          Bailey (1/1)

Altars:
Ashenzari
Cheibriados
Elyvilon
Fedhas
Gozag
Hepliaklqana
Kikubaaqudgha
Nemelex Xobeh
Okawaru
Qazlal
Ru
Sif Muna
Uskayaw
Wu Jian
Xom
Yredelemnul
The Shining One

Annotations:
D:2 exclusion: downstairs
D:3 1 runed translucent door, exclusions: door and downstairs, Delamore's ghost, amateur GrFi


Message History

You hit the orc warlord.
Flame seeps out of the orc warlord.
The orc warlord is severely wounded.
You hit the orc warlord but do no damage.
The orc warlord is severely wounded.
The goblin is no longer distracted by gold.
The orc knight is no longer distracted by gold.
The orc warlord is engulfed in blazing flames.
Flame seeps out of the orc warlord.
The orc warlord closely misses you.
The orc knight roars a battlecry!
The orc warlord goes into a battle-frenzy!
The goblin barely misses you.
You closely miss the orc warlord.
The orc warlord is severely wounded.
You hit the orc warlord but do no damage.
The orc warlord is severely wounded.
The orc warlord hits you with a +3 battleaxe of draining!!
* * * LOW HITPOINT WARNING * * *
You feel drained.
You die...
Your body crumbles into a pile of gold. ..## ##.....## ...# #.......# o..## ##.......## ....# $$$$$

#.........# ....##$ $
$##..[......##
.$...#######..[[[⌠.....#
....##.....##.........##
.[..#.......#...g.....#
..[##[......##oo@....##
..[[[[.....○§)○[.....#
..##..[.....°##.$...##
###.....⌠.....#######
##....[.$..##
#.........# ##...[...##
#...[[..# ##...[.##


You could see an orc warlord (inner flame, strong), an orc knight (inner flame,
strong) and a goblin.

Vanquished Creatures
  2 yaks (D:4)
  6 killer bees
  A water moccasin (D:6)
  A sky beast (D:5)
  7 orc warriors
  2 ogres
  A centaur (D:7)
  A bullfrog (D:6)
  A howler monkey (D:7)
  5 crimson imps
  A bullfrog zombie (D:5)
  A hound (D:4)
  4 orc priests
  4 orc wizards
  4 worker ants
  A hound skeleton (D:3)
  16 gnolls
  14 adders
  3 shadow imps
  2 worms
  4 dart slugs
  4 leopard geckos
  33 orcs
  A ball python (D:7)
  2 giant cockroaches
  25 goblins
  21 hobgoblins
  8 jackals
  6 kobolds
  3 quokkas
  A ball python zombie (D:5)
  7 bats
  7 frilled lizards
  9 rats
  A spectral orc (D:4)
209 creatures vanquished.

Vanquished Creatures (collateral kills)
  A yak (D:4)
  A scorpion (D:6)
  2 killer bees (D:6)
  A quasit (D:6)
  An orc priest (D:6)
  6 orcs (D:6)
12 creatures vanquished.

Vanquished Creatures (others)
  2 yaks (D:4)
  A killer bee (D:6)
  An orc wizard (D:7)
  An adder (D:7)
  2 withered plants (D:3)
7 creatures vanquished.

Grand Total: 228 creatures vanquished

Notes
Turn   | Place    | Note
-------+----------+-------------------------------------------
     0 | D:1      | H0rd4k the Human Artificer began the quest for the Orb.
     0 | D:1      | Reached XP level 1. HP: 15/15 MP: 3/3
   351 | D:1      | Reached XP level 2. HP: 20/21 MP: 4/4
   936 | D:1      | Reached XP level 3. HP: 26/26 MP: 5/5
  1428 | D:2      | Reached skill level 1 in Armour
  1725 | D:2      | Found a sparkling altar of Nemelex Xobeh.
  2240 | D:2      | Reached XP level 4. HP: 32/32 MP: 6/6
  2287 | D:2      | Found a hazy altar of Hepliaklqana.
  2461 | D:2      | Reached skill level 2 in Short Blades
  2992 | D:2      | Found a blossoming altar of Fedhas.
  3445 | D:2      | Reached XP level 5. HP: 33/37 MP: 7/7
  4198 | D:3      | Reached XP level 6. HP: 19/43 MP: 8/8
  4461 | D:3      | Found a shimmering altar of Xom.
  4461 | D:3      | Found a stormy altar of Qazlal.
  4461 | D:3      | Found a hide-covered altar of Uskayaw.
  4487 | D:3      | Found a runed translucent door.
  4488 | D:3      | Noticed Delamore's ghost (amateur GrFi)
  4886 | D:4      | Reached skill level 3 in Short Blades
  4924 | D:4      | Noticed a yak
  5084 | D:4      | Noticed a yak
  5691 | D:4      | Reached XP level 7. HP: 46/50 MP: 9/9
  5738 | D:4      | Noticed a yak
  5738 | D:4      | Noticed a yak
  5747 | D:4      | Noticed a yak
  5749 | D:4      | Killed a yak
  5759 | D:4      | Killed a yak
  5759 | D:4      | Reached skill level 4 in Short Blades
  5778 | D:4      | Killed a yak
  6084 | D:4      | Found a basalt altar of Yredelemnul.
  6256 | D:5      | Entered Level 5 of the Dungeon
  6459 | D:5      | Found a staircase to the Ecumenical Temple.
  6490 | D:5      | Reached XP level 8. HP: 57/57 MP: 10/10
  6555 | Temple   | Entered the Ecumenical Temple
  6687 | Temple   | Became a worshipper of Gozag Ym Sagoz the Greedy
  7067 | D:5      | Reached skill level 5 in Short Blades
  7133 | D:5      | Found an ornate altar of the Wu Jian Council.
  7428 | D:4      | HP: 2/57 [ogre/+0 giant club (8)]
  8618 | D:6      | Reached skill level 6 in Short Blades
  9083 | D:6      | Reached skill level 5 in Armour
  9083 | D:6      | Reached XP level 9. HP: 30/63 MP: 12/12
 10322 | D:6      | Reached skill level 7 in Short Blades
 10956 | D:7      | Found a flagged portal.
 10965 | Bailey   | Entered a bailey
 11264 | Bailey   | Reached skill level 5 in Dodging
 11955 | Bailey   | Reached XP level 10. HP: 29/73 MP: 13/13
 11956 | Bailey   | Noticed an orc knight
 12080 | Bailey   | Noticed an orc warlord
 12089 | Bailey   | Reached skill level 8 in Short Blades
 12103 | Bailey   | Identified the ring of Jef Cexu {rF++ rC+}
 12140 | Bailey   | HP: 2/109 [orc warlord/+3 battleaxe of draining (30)]
 12140 | Bailey   | Slain by an orc warlord

Illustrated notes

Levels and vault maps discovered:
D:1:      nicolae_arrival_washed_ashore, layout_basic, serial_forest,
          infiniplex_forest_clump_medium, infiniplex_forest_corner_1,
          infiniplex_forest_straight_2, infiniplex_forest_clump_long,
          infiniplex_forest_clump_C, serial_bayou_crossing
D:2:      layout_basic, nicolae_overflow_crystal_walls,
          overflow_temple_1_default, lemuel_doored_altar
D:3:      layout_rooms, gammafunk_temple_overflow_claw, gammafunk_ghost_grave
D:4:      layout_loops_ring, yredelemnul_forgotten_temple_becter
D:5:      layout_layer_cave, kennysheep_mini, minmay_temple_entry_stoned_glass,
          first_ration
D:6:      minmay_chambers_of_threes, layout_basic
D:7:      layout_cave_pools, enter_bailey_6
Temple:   nicolae_temple_figure_eight
Bailey:   bailey_axe_minmay_hex_keep, bailey

Skill      XL: |  1  2  3  4  5  6  7  8  9 10 |
---------------+-------------------------------+-----
Armour         | 1 2 3 4 5 6 |  6.3
Short Blades   | 2 3 4 6 7 8 |  8.0
Dodging        | 3 4 5 |  5.2
Fighting       | 2 3 4 |  4.7
Evocations     | 4 |  4.8
Stealth        | 2 |  2.4

Action                   |  1- 3 |  4- 6 |  7- 9 | 10-12 || total
-------------------------+-------+-------+-------+-------++-------
Melee: Short sword       |   143 |   295 |   998 |    43 ||  1479
Evoke: Wand              |     3 |    11 |    43 |     5 ||    62
  Use: Scroll            |       |     5 |     5 |     1 ||    11
       Potion            |       |       |     2 |     5 ||     7
 Stab: Sleeping          |     1 |       |       |       ||     1
       Confused          |       |     2 |       |       ||     2
       Paralysed         |       |       |     3 |       ||     3
       Distracted        |       |       |     1 |       ||     1
  Eat: Chunk             |     4 |    11 |     4 |       ||    19
       Ration            |       |       |     5 |     1 ||     6
Armor: Leather armour    |    15 |       |       |       ||    15
       Ring mail         |    17 |   103 |   385 |     7 ||   512
Dodge: Dodged            |   114 |   190 |   421 |    17 ||   742
